 Dungeon Crawl Stone Soup version 0.29-a0-575-g0dc89cf053 (webtiles) character file.

Game seed: 15962966953690854350

327 tilp the Grave Robber (level 6, -3/44 HPs)
             Began as a Mummy Necromancer on June 12, 2022.
             Slain by a gnoll
             ... wielding a +0 whip
             ... led by a gnoll sergeant
              (4 damage)
             ... on level 4 of the Dungeon.
             The game lasted 00:05:43 (3842 turns).

tilp the Grave Robber (Mummy Necromancer)           Turns: 3842, Time: 00:05:44

Health: -3/44      AC:  7    Str: 11    XL:     6   Next: 24%
Magic:  1/10       EV: 12    Int: 16    God:
Gold:   225        SH:  0    Dex: 13    Spells: 7/11 levels left

rFire   . . .      SeeInvis .   b - staff of death
rCold   + . .      Faith    .   (no shield)
rNeg    + + +      Spirit   .   c - +0 robe
rPois   ∞          Reflect  .   i - +0 helmet
rElec   .          Harm     .   (no cloak)
rCorr   .          Rampage  .   (no gloves)
Will    .....                   (no boots)
Stlth   ++........              (no amulet)
HPRegen 0.14/turn               h - +4 ring of protection
MPRegen 0.12/turn               l - ring of protection from fire

@: no status effects
A: cold resistance 1, negative energy resistance 3, torment resistance 2, heat
vulnerability 1, in touch with death 1, no potions
a: no special abilities


You were on level 4 of the Dungeon.
You visited 1 branch of the dungeon, and saw 4 of its levels.

You collected 225 gold pieces.

Inventory:

Hand Weapons
 a - a +2 vampiric dagger
 g - a +0 hand axe
Missiles
 f - 127 stones (quivered)
 j - 4 poisoned darts
 p - 2 boomerangs
Armour
 c - a +0 robe (worn)
 i - a +0 helmet (worn)
Magical Staves
 b - a staff of death (weapon)
Jewellery
 h - a +4 ring of protection (left hand)
 k - a +6 ring of strength
 l - a ring of protection from fire (right hand)
Wands
 r - a wand of mindburst (14)
Scrolls
 d - a scroll of poison
 e - a scroll of vulnerability {unknown}
 m - a scroll of enchant weapon
 n - a scroll of immolation {unknown}
 o - a scroll of magic mapping {unknown}
 q - a scroll of fear
 s - a scroll of torment {unknown}
 t - a scroll of noise {unknown}
 u - 3 scrolls of enchant armour {unknown}


   Skills:
 - Level 2.0 Fighting
 - Level 2.0 Staves
 - Level 2.0 Dodging
 - Level 2.0 Stealth
 - Level 3.0 Spellcasting
 * Level 5.6 Necromancy
 - Level 2.0 Evocations


You had 7 spell levels left.
You knew the following spells:

 Your Spells              Type           Power      Damage    Failure   Level
a - Necrotize             Necr           100%       1d9       1%          1
b - Vampiric Draining     Necr           45%        2d9       5%          3

Your spell library contained the following spells:

 Spells                   Type           Power      Damage    Failure   Level
 Animate Dead             Necr           45%        N/A       19%         4
 Agony                    Necr           45%        N/A       45%         5
 Portal Projectile        Hex/Tloc       4%         N/A       50%         3
 Tukima's Dance           Hex            2%         N/A       50%         3
 Dispersal                Tloc           1%         N/A       100%        6
 Disjunction              Tloc           1%         N/A       100%        8
 Blade Hands              Tmut           Unusable   N/A       N/A         5

Dungeon Overview and Level Annotations

Branches:
Dungeon (4/15)
 Temple: D:4-7

Altars:

Annotations:
D:3 Ijyb
D:4 2 transporters


Innate Abilities, Weirdness & Mutations

You are immune to poison.
Your flesh is cold resistant. (rC+)
You are immune to negative energy. (rN+++)
You are immune to unholy pain and torment.
You are vulnerable to heat. (rF-)
You are in touch with the powers of death.
You do not drink.


Message History

You hit the hobgoblin but do no damage.
The hobgoblin writhes in agony.
You kill the hobgoblin!
The dart slug launches a dart at you. The slug dart misses you.
The dart slug closely misses you.
Things that are here:
a +2 vorpal spear; a +0 scale mail; a gnoll corpse You hit the dart slug.
The dart slug writhes in agony.
You kill the dart slug!
You barely miss the gnoll. The gnoll hits you with a +0 whip.
You barely miss the gnoll. The gnoll hits you with a +0 whip.
You closely miss the gnoll. The gnoll hits you but does no damage.
You barely miss the gnoll. The gnoll closely misses you.
Casting: Necrotize (safe; 1% risk of failure)
Confirm with . or Enter, or press ? or * to list all spells.
You don't have enough magic to cast this spell.
Casting: Necrotize (safe; 1% risk of failure)
Confirm with . or Enter, or press ? or * to list all spells.
Aiming: Necrotize (safe; 1% risk of failure)
Press: ? - help, Shift-Dir - straight line, f - gnoll
Aim: a gnoll, wielding a +0 whip (chance to affect: 88%)
You feel a strong surge of power!
The gnoll writhes in agony.
The gnoll hits you with a +0 whip.
* * * LOW HITPOINT WARNING * * *
Unknown command.
You completely miss the gnoll.
The gnoll is moderately wounded.
The gnoll hits you with a +0 whip.
* * * LOW HITPOINT WARNING * * *
The gnoll hits you with a +0 whip.
* * * LOW HITPOINT WARNING * * *
You hit the gnoll.
The gnoll writhes in agony.
The gnoll is severely wounded.
The gnoll hits you with a +0 whip!
* * * LOW HITPOINT WARNING * * *
Unknown command.
You hit the gnoll.
The gnoll is almost dead.
The gnoll hits you with a +0 whip.
You die...

#.#...#.#.##.#
#.#.#.#.#.##.#
#.#.....#.##.#######
#.#.#####.##.##.....
#.........##..#.####
###.#########.#.#8P#
#.# #...#..# #.#
#..©#©)+ #@# #...#..#
#g# #...#8P#
#...)....... ....####
#....................
#.....)..............
#..............##....
#........... #
#...........
#...........


You could see a gnoll.

Vanquished Creatures
  A phantom (D:4)
  A gnoll sergeant (D:4)
  A hound (D:4)
  Robin (D:2)
  2 gnolls (D:4)
  5 adders
  A worm (D:3)
  3 dart slugs
  An orc (D:3)
  7 endoplasms
  4 giant cockroaches
  15 goblins
  9 hobgoblins
  5 kobolds
  2 quokkas
  7 ball pythons
  7 bats
  3 frilled lizards
  6 rats
81 creatures vanquished.

Vanquished Creatures (others)
  A fungus (D:1)
  A plant (D:1)
2 creatures vanquished.

Grand Total: 83 creatures vanquished

Notes
Turn   | Place    | Note
-------+----------+-------------------------------------------
     0 | D:1      | tilp the Mummy Necromancer began the quest for the Orb.
     0 | D:1      | Reached XP level 1. HP: 13/13 MP: 4/4
   446 | D:1      | Reached XP level 2. HP: 17/20 MP: 3/5
   818 | D:1      | Found a faded altar of an unknown god.
   893 | D:1      | Reached skill level 1 in Fighting
  1053 | D:2      | Gained mutation: You are in touch with the powers of death.
                  | [Mummy growth]
  1053 | D:2      | Reached XP level 3. HP: 26/26 MP: 7/7
  1294 | D:2      | Learned a level 3 spell: Vampiric Draining
  1699 | D:2      | Noticed Robin
  1715 | D:2      | Killed Robin
  1716 | D:2      | Reached skill level 1 in Evocations
  1872 | D:2      | Reached XP level 4. HP: 32/32 MP: 4/8
  1952 | D:2      | Reached skill level 1 in Staves
  2310 | D:3      | Noticed Ijyb
  3032 | D:4      | Reached XP level 5. HP: 36/38 MP: 0/9
  3126 | D:4      | Found a transporter.
  3128 | D:4      | Noticed a phantom
  3489 | D:4      | Killed a phantom
  3516 | D:4      | Found a transporter.
  3536 | D:4      | Reached skill level 5 in Necromancy
  3829 | D:4      | Reached XP level 6. HP: 24/44 MP: 1/10
  3841 | D:4      | HP: 1/44 [gnoll/+0 whip[a gnoll sergeant] (8)]
  3842 | D:4      | Slain by a gnoll

Illustrated notes

Levels and vault maps discovered:
D:1:      heliophobic_arrival_ceremonial_halls, layout_loops_ring,
          shapermc_ecumenical_altar_mp_urbaneastern, minmay_tetromino_i4
D:2:      layout_loops_cross, kennysheep_generic_room_7, uniq_robin
D:3:      minmay_chambers_of_twos, layout_rooms, uniq_ijyb
D:4:      gammafunk_steamed_eel, layout_basic, nicolae_overflow_hidden_temple

Skill      XL: |  1  2  3  4  5 |
---------------+----------------+-----
Fighting       | 1 2 |  2.0
Evocations     | 1 2 |  2.0
Staves         | 1 2 |  2.0
Dodging        | 2 |  2.0
Spellcasting   | 3 |  3.0
Stealth        | 2 |  2.0
Necromancy     | 5 |  5.6

Action                   |  1- 3 |  4- 6 || total
-------------------------+-------+-------++-------
Melee: Staff             |    51 |    48 ||    99
       Hand axe          |    11 |       ||    11
       Dagger            |    58 |       ||    58
       Punch             |     2 |       ||     2
 Cast: Necrotize         |    27 |    40 ||    67
       Vampiric Draining |     1 |     6 ||     7
Evoke: Wand              |       |     3 ||     3
  Use: Scroll            |     3 |     1 ||     4
 Stab: Sleeping          |     4 |     1 ||     5
Armor: Robe              |    40 |    17 ||    57
Dodge: Dodged            |    72 |    39 ||   111

Table legend: (Time is in decaauts)
 A = Elapsed time spent in this place.
 B = Non-inter-level travel time spent in this place.
 C = Inter-level travel time spent in this place.
 D = Time resting spent in this place.
 E = Time spent auto-exploring this place.
 F = Levels seen in this place.
 G = Mean time per level.
                   A        B        C        D        E       F      G
               +--------+--------+--------+--------+--------+-----+--------+
         Total |   3854 |   3734 |    120 |    569 |   2590 |   4 |  963.5 |
       Dungeon |   3854 |   3734 |    120 |    569 |   2590 |   4 |  963.5 |
               +--------+--------+--------+--------+--------+-----+--------+

Top non-repeatable levels by time:
     D:1: 1163 daAuts
     D:2: 1060 daAuts
     D:4: 866 daAuts
     D:3: 763 daAuts
